 Dungeon Crawl Stone Soup version 0.25.0-11-g1f837a76a1 (webtiles) character file.

Game seed: 2706473320081507313

4824 Flugkiller the Unseen (level 10, -2/39 HPs)
             Began as a Felid Enchanter on June 27, 2020.
             Was a High Priest of Dithmenos.
             Slain by a stone giant (6 damage)
             ... on level 2 of the Orcish Mines.
             The game lasted 00:46:48 (14903 turns).

Flugkiller the Unseen (Felid Enchanter)            Turns: 14903, Time: 00:46:49

Health: -2/39      AC:  2    Str:  4    XL:     10   Next: 25%
Magic:  15/15      EV: 31    Int: 17    God:    Dithmenos [*****.]
Gold:   855        SH:  0    Dex: 20    Spells: 6/15 levels left
                                        Lives:  0   Deaths: 2

rFire    + . .     SeeInvis +     - Unarmed
rCold    + . .     Gourm    .   (shield unavailable)
rNeg     . . .     Faith    +   (armour unavailable)
rPois    +         Spirit   .   (helmet unavailable)
rElec    +         Reflect  .   (cloak unavailable)
rCorr    +         Harm     .   (gloves unavailable)
MR       +....     Clarity  +   (boots unavailable)
Stlth    ++++++++++             i - amulet of faith
HPRegen  0.13/turn              (no ring)
MPRegen  0.14/turn              (no ring)

@: mighty, resistant, marked, very slightly contaminated, wreathed by umbra,
invisible, quick
A: very small, no armour, no weapons or thrown items, stealth, claws 1, fangs 3,
see invisible, carnivore, clarity, speed 1, frail 1, shaggy fur 2, slow
metabolism 1, sharp paws
a: Shadow Step, Shadow Form, Renounce Religion


You were on level 2 of the Orcish Mines.
You worshipped Dithmenos.
Dithmenos was extremely pleased with you.
You were not hungry.

You visited 4 branches of the dungeon, and saw 20 of its levels.

You collected 855 gold pieces.

Inventory:

Jewellery
 i - an amulet of faith (around neck)
   (You found it on level 3 of the Dungeon)
 t - an uncursed amulet of magic regeneration {unknown}
   (You found it on level 3 of the Lair of Beasts)
Wands
 n - a wand of disintegration (8)
   (You found it on level 4 of the Dungeon)
 w - a wand of flame (30)
   (You found it on level 8 of the Dungeon)
 x - a wand of random effects (37)
   (You found it on level 7 of the Dungeon)
 y - a wand of enslavement (7)
   (You found it on level 8 of the Dungeon)
 B - a wand of digging (3)
   (You found it on level 8 of the Dungeon)
 D - a wand of clouds (4)
   (You found it on level 10 of the Dungeon)
Scrolls
 h - 2 scrolls of immolation
 k - 3 scrolls of amnesia
 l - 4 scrolls of remove curse
 m - a scroll of noise {unknown}
 A - a scroll of magic mapping {unknown}
 C - a scroll of holy word {unknown}
 F - a scroll of acquirement
 G - 2 scrolls of teleportation
Potions
 a - a potion of stabbing
 c - 4 potions of brilliance
 d - 5 potions of flight
 j - 4 potions of curing
 o - 2 potions of berserk rage
 p - a potion of might
 q - 2 potions of magic
 r - 2 potions of lignification
 s - 5 potions of heal wounds
 u - a potion of invisibility
 v - a potion of ambrosia
Comestibles
 b - 20 rations


   Skills:
 - Level 5.0 Fighting
 - Level 14.0 Dodging
 + Level 17.5 Stealth
 - Level 6.0 Unarmed Combat
 - Level 3.0 Spellcasting
 - Level 8.0 Hexes
 - Level 3.0 Translocations


You had 6 spell levels left.
You knew the following spells:

 Your Spells              Type           Power        Failure   Level  Hunger
b - Ensorcelled Hibernat  Hex/Ice        ###...       4%          2    ##.....
c - Confusing Touch       Hex            ####....     1%          3    ###....
d - Tukima's Dance        Hex            ####....     1%          3    ###....
q - Apportation           Tloc           ##....       4%          1    None

Your spell library contained the following spells:

 Spells                   Type           Power        Failure   Level  Hunger
 Corona                   Hex            ####...      1%          1    None
 Dazzling Flash           Conj/Hex       ###...       10%         3    ###....
 Inner Flame              Hex/Fire       ###.....     10%         3    ###....
 Animate Skeleton         Necr           N/A          17%         1    None
 Foxfire                  Conj/Fire      #...         17%         1    None
 Magic Dart               Conj           #...         17%         1    None
 Summon Small Mammal      Summ           #...         17%         1    None
 Searing Ray              Conj           #.....       26%         2    ##.....
 Fulminant Prism          Conj/Hex       ###.......   32%         4    ####...
 Conjure Flame            Conj/Fire      #.......     45%         3    ###....
 Frozen Ramparts          Ice            #.....       45%         3    ###....
 Iskenderun's Mystic Bla  Conj/Tloc      #.......     67%         4    ####...
 Hailstorm                Conj/Ice       #.......     86%         4    ####...
 Sticky Flame             Conj/Fire      #.......     86%         4    ####...
 Fireball                 Conj/Fire      #.........   99%         5    ######.
 Freezing Cloud           Conj/Ice/Air   #.........   100%        6    #######
 Simulacrum               Ice/Necr       #.........   100%        6    #######


Dungeon Overview and Level Annotations

Branches:
Dungeon (11/15)            Temple (1/1) D:6            Lair (6/6) D:11
 Shoals (0/4) Lair:2          Orc (2/2) D:9
  Snake: Lair:2-4    Spider: Lair:2-4     Slime: Lair:5-6       Elf: Orc:2

Altars:
Ashenzari
Cheibriados
Dithmenos
Elyvilon
Gozag
Hepliaklqana
Makhleb
Nemelex Xobeh
Qazlal
Sif Muna
Trog
Uskayaw
Vehumet
Wu Jian
The Shining One
Beogh

Shops:
Orc:1 *

Annotations:
D:4 exclusions: ooze and worker ant
D:7 1 exclusion
D:10 Nergalle
Lair:1 exclusions: hydra, vampire bat and 2 more exclusions
Lair:2 spider and shoals, exclusions: black mamba, jumping spider, redback, spiny frog and water moccasin, Fannar
Lair:3 exclusion: downstairs
Lair:5 exclusion: spiny frog
Orc:1 Urug
Orc:2 exclusions: orc warrior and stone giant


Innate Abilities, Weirdness & Mutations

You cannot wear armour.
You are incapable of wielding weapons or throwing items.
Your paws allow you to move quietly. (Stealth)
You have sharp claws.
You have razor-sharp teeth.
You have supernaturally acute eyesight. (SInv)
You are carnivorous and can eat meat at any time.
You cover ground quickly.
You are covered in thick fur. (AC +2)
You have a slow metabolism.
Your sharp claws are effective at attacking unaware monsters.
You possess an exceptional clarity of mind.
You are frail. (-10% HP)


Message History

The orc wizard gestures at you while chanting.
The magic dart hits you!
* * * LOW HITPOINT WARNING * * *
Things that are here:
a +0 dagger; 5 boomerangs; an orc corpse The orc wizard gestures at you while chanting.
The puff of frost misses you.
Unknown command.
Evoke which item? (* to show all) (? for menu, Esc to quit)
Aiming: Dig
Press: ? - help, Shift-Dir - straight line A rock wall.
This square is wreathed by an umbra.
The rock shatters into small pieces.
The orc wizard casts a spell at you. The puff of flame misses you.
Unknown command.
The stone giant throws a large rock.
The large rock completely misses you. The orc wizard casts a spell at you.
The puff of frost misses you.
You see here a large rock.
Unknown command.
Unknown command.
You feel much better.
You fade into invisibility!
You are very lightly contaminated with residual magic.
You feel better. The orc wizard barely misses you.
You feel very mighty all of a sudden. The orc wizard completely misses you.
You claw the orc wizard!
The orc wizard is heavily wounded.
The orc wizard closely misses you. The orc wizard misses you.
You pounce on the helpless orc wizard from behind!
You eviscerate the orc wizard!!!
You kill the orc wizard!
Dithmenos accepts your kill.
You pounce on the helpless stone giant from behind!
You eviscerate the stone giant!!!
The stone giant is heavily wounded.
The stone giant completely misses you. The sun demon hits you!!
Ouch! That really hurt!
* * * LOW HITPOINT WARNING * * *
You emit a cloud of dark smoke.
You are engulfed in flames!
You resist.
* * * LOW HITPOINT WARNING * * *
Unknown command.
You claw the stone giant!
The stone giant is severely wounded.
The sun demon hits you but does no damage.
The stone giant hits you.
You die...

...########..................#.<.
..##########.....................
..###.#..####......######<.......
..##......# #......).# #.........
..####....# #......)####.#.......
..####...## ##.§§.### #...#.o..#.
....#...## ##.#§#§#####.##.o...#
.##....## #..§3C#(#.#.##...o.##
######## ##.#@###.....#..C.##
##### ##...##.....#
##)...#.....### ##....oCo.......
#..).(o.o..#.... ##......o..#...#
#....(........# ##.####.......#
### ###..o..#


You could see a stone giant and a sun demon (summoned).

Vanquished Creatures
  A hydra (Lair:3)
  A two-headed ogre (D:10)
  An ugly thing (D:10)
  An elephant (Lair:1)
  3 black mambas
  3 spiny frogs
  4 komodo dragons
  A polar bear (Lair:3)
  4 blink frogs
  Prince Ribbit (D:9)
  9 hippogriffs
  2 wyverns
  2 basilisks
  3 hungry ghosts
  2 wargs (D:10)
  Duvessa (D:7)
  10 water moccasins
  6 porcupines
  9 orc warriors
  2 ice beasts
  A black bear (Lair:2)
  3 ogres
  7 centaurs
  3 crocodiles
  7 bullfrogs
  Dowan (D:7)
  A water moccasin zombie (D:8)
  5 scorpions
  6 killer bees
  4 howler monkeys
  2 wights (D:10)
  2 crimson imps
  A quasit (D:7)
  A bullfrog skeleton (D:7)
  4 hounds
  2 jellies
  5 orc priests
  7 orc wizards
  Ijyb (D:5)
  4 iguanas
  Jessica (D:2)
  7 worker ants
  2 hell rats (Lair:2)
  A killer bee zombie (D:8)
  A hound zombie (D:8)
  2 hound skeletons
  A worker ant zombie (D:10)
  An adder (D:8)
  6 river rats
  A shadow imp (D:9)
  2 adder skeletons
  2 adder zombies
  2 worms
  A dart slug (D:2)
  5 leopard geckos
  31 orcs
  2 giant cockroaches
  2 hobgoblins
  3 jackals (D:7)
  A kobold (D:3)
  2 quokkas
  2 ball pythons
  3 bats
  A frilled lizard (D:2)
  4 goblins
  A quokka zombie (D:7)
  5 rats
225 creatures vanquished.

Vanquished Creatures (collateral kills)
  2 orc warriors
  2 ogres
  2 wights (D:10)
  A crimson imp (D:10)
  An orc wizard (D:11)
  3 orcs
11 creatures vanquished.

Vanquished Creatures (others)
  A dancing weapon (D:9)
  6 fungi
  2 plants (Lair:4)
9 creatures vanquished.

Grand Total: 245 creatures vanquished

Notes
Turn   | Place    | Note
-------+----------+-------------------------------------------
     0 | D:1      | Flugkiller the Felid Enchanter began the quest for the Orb.
     0 | D:1      | Reached XP level 1. HP: 7/7 MP: 4/4
   939 | D:2      | Reached XP level 2. HP: 11/11 MP: 6/6
   966 | D:2      | Reached skill level 5 in Stealth
  1011 | D:2      | Learned a level 2 spell: Ensorcelled Hibernation
  1485 | D:3      | Found a stormy altar of Qazlal.
  1717 | D:2      | Noticed Jessica
  1720 | D:2      | Killed Jessica
  1720 | D:2      | Reached skill level 6 in Stealth
  1720 | D:2      | Reached XP level 3. HP: 14/14 MP: 7/7
  2150 | D:3      | Found a shattered altar of Ashenzari.
  2569 | D:5      | Entered Level 5 of the Dungeon
  2581 | D:5      | Found the +5 scythe "Finisher" {speed, eviscerate}
  2609 | D:5      | Reached skill level 7 in Stealth
  2609 | D:5      | Reached XP level 4. HP: 9/18 MP: 5/8
  2628 | D:5      | Noticed a centaur
  2637 | D:5      | Killed a centaur
  2637 | D:5      | Reached skill level 8 in Stealth
  2637 | D:5      | Reached XP level 5. HP: 12/21 MP: 5/9
  2647 | D:5      | Reached skill level 5 in Hexes
  2817 | D:5      | Noticed Ijyb
  2823 | D:5      | Killed Ijyb
  2841 | D:5      | Noticed a centaur
  2844 | D:5      | HP: 1/21 [centaur/arrow (5)]
  2853 | D:5      | Gained mutation: You tend to lose your temper in combat.
                  | [potion of mutation]
  2853 | D:5      | Gained mutation: You expend magic power (3 MP) to
                  | strengthen your wands. [potion of mutation]
  2853 | D:5      | HP: 1/21 [hound (1)]
  3111 | D:5      | Gained mutation: You are covered in thick fur. (AC +2)
                  | [Felid growth]
  3111 | D:5      | Reached XP level 6. HP: 24/24 MP: 6/11
  3529 | D:6      | Learned a level 3 spell: Confusing Touch
  3585 | D:6      | Learned a level 3 spell: Tukima's Dance
  3602 | D:6      | Found a shimmering blue altar of Sif Muna.
  3690 | D:6      | Reached skill level 1 in Fighting
  3690 | D:6      | Reached XP level 7. HP: 6/28 MP: 4/12
  3795 | D:6      | Found a staircase to the Ecumenical Temple.
  3890 | Temple   | Entered the Ecumenical Temple
  3995 | Temple   | Became a worshipper of Dithmenos the Shadowed
  4163 | D:6      | Found a bloodstained altar of Trog.
  4182 | D:6      | Learned a level 1 spell: Apportation
  4496 | D:7      | Noticed Duvessa
  4572 | D:7      | Killed Duvessa
  4576 | D:7      | Reached XP level 8. HP: 8/34 MP: 0/13
  4845 | D:7      | Reached skill level 5 in Dodging
  4849 | D:7      | Noticed Dowan
  4903 | D:7      | Killed Dowan
  4988 | D:7      | Reached * piety under Dithmenos
  5332 | D:7      | Found an opulent altar of Gozag.
  5401 | D:7      | Reached skill level 10 in Dodging
  5771 | D:8      | Reached skill level 1 in Translocations
  5858 | D:8      | Noticed a hippogriff
  5924 | D:8      | Killed a hippogriff
  5924 | D:8      | Reached XP level 9. HP: 19/37 MP: 7/14
  6156 | D:8      | Reached skill level 9 in Stealth
  6497 | D:8      | Identified Sif Muna's Almanac of the Glacier
  6852 | D:8      | Reached ** piety under Dithmenos
  7057 | D:9      | Reached skill level 10 in Stealth
  7172 | D:9      | Noticed a two-headed ogre
  7321 | D:10     | Entered Level 10 of the Dungeon
  7516 | D:10     | Found a snail-covered altar of Cheibriados.
  7607 | D:10     | Noticed Nergalle
  7684 | D:10     | Reached skill level 11 in Stealth
  7900 | D:9      | Reached skill level 12 in Stealth
  8136 | D:9      | Noticed Prince Ribbit
  8137 | D:9      | Killed Prince Ribbit
  8230 | D:8      | Lost mutation: You tend to lose your temper in combat.
                  | [potion of mutation]
  8230 | D:8      | Lost mutation: You expend magic power (3 MP) to strengthen
                  | your wands. [potion of mutation]
  8230 | D:8      | Gained mutation: You occasionally shout uncontrollably at
                  | your foes. [potion of mutation]
  8230 | D:8      | Gained mutation: Your magical capacity is low. (-10% MP)
                  | [potion of mutation]
  8230 | D:8      | Gained mutation: You are partially covered in yellow
                  | scales. (AC +2) [potion of mutation]
  8231 | D:8      | Lost mutation: You occasionally shout uncontrollably at
                  | your foes. [potion of mutation]
  8231 | D:8      | Lost mutation: Your magical capacity is low. (-10% MP)
                  | [potion of mutation]
  8231 | D:8      | Lost mutation: You are partially covered in yellow scales.
                  | (AC +2) [potion of mutation]
  8231 | D:8      | Gained mutation: You are frail. (-10% HP) [potion of
                  | mutation]
  8231 | D:8      | Gained mutation: You possess an exceptional clarity of
                  | mind. [potion of mutation]
  8641 | D:10     | Reached XP level 10. HP: 37/37 MP: 6/15
  8812 | D:10     | Found a glowing golden altar of the Shining One.
  8812 | D:10     | Noticed a brown ugly thing
  8855 | D:10     | Reached *** piety under Dithmenos
  8938 | D:10     | Killed a brown ugly thing
  8938 | D:10     | Reached skill level 5 in Unarmed Combat
  9102 | D:11     | Found a staircase to the Lair.
  9103 | D:11     | Noticed an eight-headed hydra
  9191 | D:10     | Killed a two-headed ogre
  9191 | D:10     | Reached skill level 13 in Stealth
  9474 | D:10     | Reached skill level 5 in Fighting
  9945 | Lair:1   | Entered Level 1 of the Lair of Beasts
 10442 | Lair:1   | Reached skill level 14 in Stealth
 10460 | Lair:1   | Noticed a four-headed hydra
 10491 | Lair:1   | Noticed an elephant
 10502 | Lair:1   | Killed an elephant
 10522 | Lair:1   | Reached XP level 11. HP: 42/42 MP: 6/16
 10711 | Lair:2   | Found a staircase to the Shoals.
 10879 | Lair:2   | Noticed Fannar
 11338 | Lair:2   | Reached **** piety under Dithmenos
 11991 | Lair:3   | Noticed a six-headed hydra
 12082 | Lair:3   | Killed a six-headed hydra
 12082 | Lair:3   | Reached skill level 15 in Stealth
 12844 | Lair:4   | Killed from afar by a rime drake
 12845 | Lair:4   | Reached XP level 10. HP: -16/39 MP: 15/15
 12855 | Lair:4   | Reached skill level 16 in Stealth
 13034 | Lair:4   | Noticed a black mamba
 13136 | Lair:5   | Noticed a spiny frog
 13160 | Lair:5   | Noticed a black mamba
 13174 | Lair:5   | Killed a black mamba
 13334 | Lair:6   | Entered Level 6 of the Lair of Beasts
 13339 | Lair:6   | Noticed a black mamba
 13353 | Lair:6   | Lost strength.
 13480 | Lair:6   | Noticed an elephant
 13481 | Lair:6   | Noticed an elephant
 13584 | Lair:6   | Identified a scroll of acquirement
 13599 | Lair:6   | Killed a black mamba
 13599 | Lair:6   | Reached XP level 11. HP: 42/42 MP: 16/16
 13620 | Lair:5   | Reached skill level 17 in Stealth
 13883 | D:9      | Found a roughly hewn altar of Beogh.
 13885 | D:9      | Found a staircase to the Orcish Mines.
 14118 | D:9      | Reached ***** piety under Dithmenos
 14352 | Orc:1    | Entered Level 1 of the Orcish Mines
 14352 | Orc:1    | Noticed an orc knight
 14352 | Orc:1    | Noticed an orc sorcerer
 14354 | Orc:1    | Noticed a two-headed ogre
 14373 | Orc:1    | Found Vaidid's General Store.
 14391 | Orc:1    | Noticed Urug
 14395 | Orc:1    | Hit by a javelin thrown by Urug
 14396 | Orc:1    | Reached XP level 10. HP: -4/39 MP: 15/15
 14408 | Orc:2    | Entered Level 2 of the Orcish Mines
 14408 | Orc:2    | Noticed a stone giant
 14873 | Orc:2    | rip
 14880 | Orc:2    | Noticed an orc sorcerer
 14898 | Orc:2    | Noticed a sun demon
 14903 | Orc:2    | Slain by a stone giant

Illustrated notes

## ##.#.##
####.##.....## #
#.....###.#.##.....##
##.#.###.....#....##
##### ##...##.....#
##)...#.....#
##............
#..).......#
##.........#...
#......@......#
##.####.......# ###
###.....# ##...# ..#
.#


o Turn 14873 on Orc:2: rip

Levels and vault maps discovered:
D:1:      evilmike_arrival_rings, layout_basic
D:2:      layout_loops_corners, marbit_many_paths,
          yredelemnul_forgotten_temple_becter, first_ration,
          minmay_misc_feat_room, uniq_robin, uniq_jessica
D:3:      minmay_evil_eye, layout_loops_ring, nicolae_qazlal_general_emergency,
          old_standard_altar
D:4:      layout_loops_cross, elyvilon_altar_3
D:5:      minmay_polygon_palace, layout_basic, uniq_ijyb
D:6:      layout_cave_pools, old_standard_altar, minmay_temple_entry_mist,
          basic_altar
D:7:      minmay_angry_zag, layout_basic, old_standard_altar, grunt_ogre_cave,
          uniq_menkaure, uniq_duvessa
D:8:      layout_rooms, grunt_potential
D:9:      layout_rooms, david_orc_5, serial_rivers,
          chequers_serial_rivers_micro_c, chequers_serial_rivers_small_3,
          chequers_serial_rivers_micro_c, chequers_serial_rivers_micro_c,
          chequers_serial_rivers_room_b, uniq_prince_ribbit1
D:10:     layout_irregular_city, basic_altar, kennysheep_diamond, uniq_nergalle
D:11:     layout_stronghold, erik_lair_orcish_takeover
Temple:   kb_temple_of_zot
Lair:1:   layout_cave_shapes, roderic_batcave, minmay_lair_oklob_items,
          nzn_random_ring, infiniplex_staircase_pool_2
Lair:2:   cheibrodos_lair_river_kwai, layout_gridlike, shoals_dummy_entry,
          nicolae_spider_entry_tight_spaces, uniq_fannar
Lair:3:   layout_cave_pods, kennysheep_rathole
Lair:4:   layout_regular_city, nicolae_volcano_entry_s_turn, lemuel_fruit_tree,
          serial_bayou_shore_a
Lair:5:   layout_long_grid, minmay_slime_entry_pillars
Lair:6:   grunt_lair_end_beastmaster, layout_hall_layers, uniq_rupert
Orc:1:    layout_caves, serial_shops, nicolae_shop_crystal, uniq_urug
Orc:2:    st_orc_mages, layout_diamond_mine, nicolae_orc_damp_corner,
          nicolae_orc_crystal_geode

Skill      XL: |  1  2  3  4  5  6  7  8  9 10 11 |
---------------+----------------------------------+-----
Stealth        | 6 7 8 12 16 17 | 17.5
Hexes          | 6 8 |  8.0
Spellcasting   | 3 |  3.0
Fighting       | 1 3 5 |  5.0
Unarmed Combat | 4 6 |  6.0
Dodging        | 4 10 12 14 | 14.0
Translocations | 2 3 |  3.0

Action                   |  1- 3 |  4- 6 |  7- 9 | 10-12 || total
-------------------------+-------+-------+-------+-------++-------
Melee: Unarmed           |    69 |    51 |   211 |   222 ||   553
       Bite              |     5 |     6 |    18 |    13 ||    42
       Punch             |       |     1 |     5 |     1 ||     7
 Cast: Corona            |     9 |       |       |       ||     9
       Ensorcelled Hiber |    20 |    20 |    74 |   142 ||   256
       Confusing Touch   |       |       |    16 |     8 ||    24
       Tukima's Dance    |       |       |     8 |    13 ||    21
       Apportation       |       |       |    18 |    37 ||    55
Invok: Shadow Step       |       |       |       |     1 ||     1
Evoke: Wand              |       |       |     4 |    10 ||    14
  Use: Potion            |       |     2 |     2 |     7 ||    11
       Scroll            |       |       |    12 |    10 ||    22
 Stab: Sleeping          |    21 |    13 |    57 |    81 ||   172
       Confused          |       |       |    15 |     5 ||    20
       Paralysed         |       |       |     1 |       ||     1
       Invisible         |       |       |       |     2 ||     2
  Eat: Chunk             |     7 |       |    35 |    16 ||    58
Armor: Skin              |     6 |     1 |    11 |     5 ||    23
Dodge: Dodged            |    50 |    63 |   206 |   266 ||   585
